 Dungeon Crawl Stone Soup version 0.32-a0-470-g255bbe2f98 (webtiles) character file.

Game seed: 10306189530989299086

1605953 nakedcarnage the Slayer (level 27, 241/241 HPs)
             Began as an Octopode Wanderer on Feb 25, 2024.
             Was a High Priest of Hepliaklqana.
             Escaped with the Orb
             ... and 3 runes!
             The game lasted 02:33:44 (73520 turns).

nakedcarnage the Slayer (Octopode Wanderer)        Turns: 73520, Time: 02:33:45

Health: 241/241    AC: 35    Str: 16    XL:     27
Magic:  32/32      EV: 46    Int: 16    God:    Hepliaklqana [*****.]
Gold:   378        SH: 22    Dex: 31    Spells: 12/38 levels left

rFire   + + .        I - +9 morningstar (chaos)
rCold   + . .        U - +5 kite shield {rC+}
rNeg    + . .        g - +2 hat
rPois   ∞            V - amulet of regeneration
rElec   +            s - ring of protection from fire
rCorr   .            X - +5 ring of evasion
SInv    .            S - +4 ring of protection
Will    ++++.        F - ring of willpower
Stlth   ++           r - +6 ring of dexterity
HPRegen 1.40/turn    H - ring of willpower
MPRegen 0.23/turn    y - +5 ring of evasion
                     G - +6 ring of dexterity

%: no passive effects
@: statue-form, studying Translocations, very slow
A: slow and powerful, torment resistance 1, boosted hp, reduced essence, almost
no armour, amphibious, 8 rings, camouflage 1, (gelatinous body 1), (nimble
swimmer 1), tentacles, fire resistance 1, persistent drain
0: Orb of Zot
}: 3/15 runes: barnacled, abyssal, gossamer
a: Begin Untransformation, Renounce Religion, Recall Ancestor, Ancestor
Identity, Transference, Idealise


You escaped.
You worshipped Hepliaklqana.
Hepliaklqana was extremely pleased with you.
You were a living statue of rough stone.
You visited 10 branches of the dungeon, and saw 49 of its levels.
You visited the Abyss 1 time.
You visited 2 bazaars.
You also visited: Bailey, Gauntlet and Ice Cave.

You collected 6697 gold pieces.
You spent 6319 gold pieces at shops.

Inventory:

Hand Weapons
 E - a +3 demon whip of freezing
 I - a +9 morningstar of chaos (weapon)
 M - the +1 eveningstar "Brilliance" {foul flame, Umbra}
   (You found it in a Gauntlet)

   Umbra:     It surrounds you with an aura of shadow, increasing your stealth
   and reducing the accuracy of all others within it.
Missiles
 w - 8 throwing nets {!f}
 R - 9 curare-tipped darts
Armour
 g - a +2 hat (worn)
 O - the +18 shield of the Gong {Loud rN+ Will+ rCorr EV-5}
   (You bought it in a shop on level 2 of the Orcish Mines)

   Loud:      It is deafeningly noisy when blocking attacks.
   EV-5:      It affects your evasion (-5).
   rN+:       It protects you from negative energy.
   Will+:     It increases your willpower.
   rCorr:     It protects you from acid and corrosion.
 U - a +5 kite shield of cold resistance (worn)
Jewellery
 a - a ring of wizardry
 b - a ring of resist corrosion
 n - a ring of protection from cold
 o - a ring of see invisible
 r - a +6 ring of dexterity (on tentacle)
 s - a ring of protection from fire (left tentacle)
 y - a +5 ring of evasion (on tentacle)
 F - a ring of willpower (on tentacle)
 G - a +6 ring of dexterity (on tentacle)
 H - a ring of willpower (on tentacle)
 J - a +4 ring of protection
 L - a ring of protection from fire
 N - a +6 ring of dexterity
 Q - a ring of flight
 S - a +4 ring of protection (on tentacle)
 T - a ring of protection from fire
 V - an amulet of regeneration (around mantle)
 X - a +5 ring of evasion (right tentacle)
Talismans
 A - a granite talisman (active)
Wands
 c - a wand of digging (4) {@v3}
 p - a wand of light (8)
 W - a wand of paralysis (33)
 Z - a wand of iceblast (35) {@v2}
Scrolls
 d - 2 scrolls of silence
 h - 18 scrolls of teleportation {@r3}
 j - 3 scrolls of fog
 x - 5 scrolls of blinking {@r4}
 K - a scroll of summoning
 Y - 2 scrolls of immolation
Potions
 e - a potion of might {@q3}
 i - a potion of invisibility
 m - 8 potions of haste {@q4}
 q - 5 potions of lignification
 t - 3 potions of cancellation
 u - 19 potions of curing {@q1}
 v - 8 potions of ambrosia
 z - 3 potions of mutation
 B - 5 potions of heal wounds {@q2}
 C - 2 potions of resistance {@q5}
 D - 3 potions of enlightenment
 P - 11 potions of magic
Miscellaneous
 f - a sack of spiders (inert)
 k - a phantom mirror (inert)
 l - a phial of floods


   Skills:
 - Level 22.0 Fighting
 + Level 20.9 Maces & Flails
 * Level 20.8 Dodging
 - Level 9.0 Stealth
 - Level 15.0 Shields
 - Level 6.0 Spellcasting
 - Level 4.0 Summonings
 - Level 12.0 Translocations
 - Level 7.0 Ice Magic
 - Level 6.0 Air Magic
 + Level 13.2 Invocations
 + Level 13.1 Evocations
 * Level 17.9 Shapeshifting


You had 12 spell levels left.
You knew the following spells:

 Your Spells              Type           Power      Damage    Failure   Level
a - Summon Ice Beast      Ice/Summ       22%        N/A       7%          3
b - Ozocubu's Armour      Ice            27%        N/A       3%          3
c - Swiftness             Air            24%        N/A       6%          3
d - Vhi's Electric Charg  Tloc/Air       66%        N/A       5%          4
f - Lesser Beckoning      Tloc           86%        N/A       1%          2
g - Blink                 Tloc           86%        N/A       1%          2
h - Passage of Golubria   Tloc           43%        N/A       1%          4
i - Summon Forest         Summ/Tloc      15%        N/A       24%         5

Your spell library contained the following spells:

 Spells                   Type           Power      Damage    Failure   Level
 Freeze                   Ice            100%       1d10      1%          1
 Gell's Gravitas          Tloc           43%        N/A       1%          3
 Teleport Other           Tloc           43%        N/A       1%          3
 Momentum Strike          Conj/Tloc      48%        3d9       3%          2
 Frozen Ramparts          Ice            54%        1d9       3%          3
 Volatile Blastmotes      Fire/Tloc      48%        2d14      6%          3
 Shock                    Conj/Air       56%        1d6       7%          1
 Call Imp                 Summ           34%        N/A       7%          2
 Ensorcelled Hibernation  Hex/Ice        32%        N/A       9%          2
 Mercury Vapours          Alch/Air       28%        N/A       10%         2
 Call Canine Familiar     Summ           17%        N/A       13%         3
 Cigotuvi's Dreadful Rot  Necr/Alch/Air  22%        N/A       16%         2
 Hailstorm                Conj/Ice       16%        3d6       16%         3
 Airstrike                Air            12%        2d(2-18)  19%         4
 Dimensional Bullseye     Hex/Tloc       12%        N/A       19%         4
 Iskenderun's Mystic Bla  Conj/Tloc      24%        2d7       19%         4
 Foxfire                  Conj/Fire      16%        2x1d4     22%         1
 Sting                    Conj/Alch      16%        1d4       22%         1
 Mephitic Cloud           Conj/Alch/Air  11%        N/A       30%         3
 Dazzling Flash           Conj/Hex       8%         N/A       56%         3
 Fugue of the Fallen      Necr           4%         N/A       56%         3
 Inner Flame              Hex/Fire       4%         N/A       56%         3
 Sigil of Binding         Hex            4%         N/A       56%         3
 Stone Arrow              Conj/Erth      8%         3d7       56%         3
 Tukima's Dance           Hex            4%         N/A       56%         3
 Martyr's Knell           Necr/Summ      11%        N/A       69%         4
 Freezing Cloud           Conj/Ice/Air   9%         6-21      73%         5
 Metabolic Englaciation   Hex/Ice        8%         N/A       83%         5
 Arcjolt                  Conj/Air       7%         1d17      88%         5
 Silence                  Hex/Air        7%         N/A       88%         5
 Anguish                  Hex/Necr       2%         N/A       92%         4
 Dispel Undead            Necr           4%         3d7       92%         4
 Flame Wave               Conj/Fire      4%         2d5       92%         4
 Fulminant Prism          Conj/Alch      2%         3d5       92%         4
 Ignite Poison            Fire/Alch      4%         N/A       92%         4
 Leda's Liquefaction      Alch/Erth      2%         N/A       92%         4
 Olgreb's Toxic Radiance  Alch           4%         N/A       92%         4
 Petrify                  Alch/Erth      4%         N/A       92%         4
 Sticky Flame             Fire/Alch      4%         2d4       92%         4
 Summon Mana Viper        Hex/Summ       11%        N/A       95%         5
 Curse of Agony           Necr           4%         N/A       99%         5
 Irradiate                Conj/Alch      2%         3d12      99%         5
 Iskenderun's Battlesphe  Conj           4%         2d6       99%         5
 Lee's Rapid Deconstruct  Erth           2%         3d4*      99%         5
 Yara's Violent Unravell  Hex/Alch       2%         3d3       99%         5
 Bombard                  Conj/Erth      2%         9d1       100%        6
 Death Channel            Necr           2%         N/A       100%        6
 Plasma Beam              Fire/Air       7%         2x1d17    100%        6
 Sculpt Simulacrum        Ice/Alch       8%         N/A       100%        6
 Starburst                Conj/Fire      2%         6d3       100%        6
 Summon Cactus Giant      Summ           8%         N/A       100%        6
 Haunt                    Necr/Summ      5%         N/A       100%        7
 Monstrous Menagerie      Summ           8%         N/A       100%        7
 Ozocubu's Refrigeration  Ice            13%        4d10      100%        7
 Spellforged Servitor     Conj/Summ      5%         N/A       100%        7
 Summon Hydra             Summ           8%         N/A       100%        7
 Ignition                 Fire           2%         3d3       100%        8
 Lehudib's Crystal Spear  Conj/Erth      2%         10d2      100%        8
 Maxwell's Capacitive Co  Air            12%        ∞         100%        8
 Polar Vortex             Ice            13%        12d1*     100%        9
 Sublimation of Blood     Necr           Unusable   N/A       N/A         2
 Animate Armour           Summ/Erth      Unusable   N/A       N/A         4

Dungeon Overview and Level Annotations

Branches:
Dungeon (15/15)            Temple (0/1) D:7            Lair (5/5) D:9
 Shoals (4/4) Lair:2       Spider (4/4) Lair:3        Slime (0/5) Lair:5
    Orc (2/2) D:12            Elf (3/3) Orc:2        Vaults (4/5) D:13
  Crypt (3/3) Vaults:3       Tomb (0/3) Crypt:3      Depths (4/4) D:15
    Zot (5/5) Depths:4     Bailey (visited)           IceCv (visited)
Gauntlet (visited)

Altars:
Cheibriados
Dithmenos
Elyvilon
Fedhas
Hepliaklqana
Kikubaaqudgha
Nemelex Xobeh
Okawaru
Ru
Sif Muna
Uskayaw
Vehumet
Wu Jian
Xom
Yredelemnul
Zin
The Shining One
Beogh

Shops:
D:2 [   D:3 (([((   D:13 =   D:15 :   Orc:2 [[[(   Elf:2 =:=(   Vaults:1 :
Vaults:3 *   Vaults:4 *   Depths:3 *

Portals:
Hell: Depths:1 Depths:2 Depths:3 Depths:4
Abyss: Depths:2 Depths:3
Pandemonium: Depths:2
Ziggurat: Depths:3

Annotations:
D:5 1 runed translucent door, exclusion: downstairs
D:13 1 transporter
Shoals:3 exclusion: kraken
Elf:1 exclusion: orange crystal statue
Zot:1 exclusion: 2 doors


Innate Abilities, Weirdness & Mutations

You are a living statue of rough stone.
Your actions are slow, but your melee attacks are powerful.
You are resistant to unholy torment.
Your maximum health is greatly increased.
Your life essence is reduced to manifest your ancestor. (-10% HP)
You cannot wear most types of armour.
You are amphibious.
You can wear up to eight rings at the same time.
You are immune to poison.
Your skin changes colour to match your surroundings (Stealth+).
((Your rubbery body absorbs attacks. (AC +1, EV +1)))
((You are camouflaged when in or above water. (Stealth+)))
You have tentacles for arms and can constrict up to eight enemies at once.
Your flesh is heat resistant. (rF+)
Your health recovers twice as slowly from being drained.


Message History

What level of the Dungeon? (default 1, ? - help) HP restored.
Weulot is no longer moving quickly.
Ancestor HP restored.
A Hell Sentinel comes into view.
The Hell Sentinel moves out of view.
Weulot gestures wildly while chanting.
Weulot seems to speed up.
The Hell Sentinel gestures at you.
The iron shot hits Weulot!!!
There is a stone staircase leading up here.
Weulot gestures at the Hell Sentinel while chanting.
The crystal spear hits the Hell Sentinel!!
The Hell Sentinel hits Weulot!
The Hell Sentinel hits Weulot but does no damage.
Weulot casts a spell at the Hell Sentinel.
The bolt of magma hits the Hell Sentinel.
The Hell Sentinel partially resists.
You climb upwards.
There is a stone staircase leading down here.
What level of the Dungeon? (default 1, ? - help)
There is a stone staircase leading up here.
You climb upwards.
There is a stone staircase leading down here. 2 hell hogs come into view.
The hell hog breathes fire at you.
The fireball explodes!
The fireball engulfs you. You resist. The hell hog breathes fire at you.
The fireball explodes!
The fireball engulfs you. You resist.
There is a stone staircase leading up, spattered with blood here.
You climb upwards.
There is a stone staircase leading down here.
What level of the Dungeon? (default 1, ? - help) HP restored.
There is a stone staircase leading up here.
You climb upwards.
There is a stone staircase leading down here.
You see here 3 stones.
There is a staircase leading out of the dungeon here.
You have escaped!

#......# #.....##.####.#.#
#......# ###...##..# #†#..
#......# #############.###'###
#......# ##.......## #.##.....
#......###.........## #.##....#
####'#[##.....ß.....###.##.....
# #.#.....ß.[ß..ß....#.#####..
######.####...........#...# #..
....##.#
##....I.(..####.#####..
....##.# ##.......## #....####
....##.# ############ ####...##
....##.# #.......###### ###...
######.# #............# ##..
#.# #.......####.# #.. #†#
#........(...# ###
######.###....####)##.# #
.........'.........##.#


There were no monsters in sight!

Vanquished Creatures
  2 dread liches (Zot:5)
  7 orbs of fire
  An ancient lich (Zot:5)
  3 Killer Klowns
  2 curse toes
  4 golden dragons
  Arachne (Spider:3)
  3 electric golems
  A Hell Sentinel (Zot:1)
  A hellephant (Crypt:3)
  9 tentacled monstrosities
  An Ice Fiend (Zot:5)
  7 Orb Guardians (Zot:5)
  2 deep elf master archers (Elf:3)
  3 quicksilver dragons
  2 titans
  4 liches
  The ghost of niknal the Fencer, an adept CoGl of Makhleb (Spider:4)
  A deep elf blademaster (Elf:3)
  An ancient champion (Crypt:2)
  A kraken (Shoals:3)
  A tentacled starspawn (Abyss:3)
  2 sphinxes
  2 shadow dragons
  6 death cobs
  A tengu reaver (Vaults:4)
  The ghost of Kiciri the Eclecticist, an adept DjCj of Makhleb (Spider:4)
  5 storm dragons
  4 draconian monks
  4 protean progenitors
  A fenstrider witch (Zot:5)
  6 fire giants
  2 draconian knights
  4 frost giants
  4 deep elf sorcerers (Elf:3)
  A balrug (Depths:4)
  An iron dragon (Depths:1)
  3 ghost moths
  2 draconian shifters
  9 vault wardens
  A curse skull (Crypt:3)
  4 draconian scorchers
  2 spriggan defenders (Depths:2)
  3 emperor scorpions
  4 deep elf elementalists
  7 ghouls
  7 ironbound preservers
  2 orc warlords
  2 formless jellyfish (Vaults:4)
  A demonspawn corrupter (D:13)
  4 draconian annihilators
  2 very ugly things (Depths:2)
  3 ironbound thunderhulks
  3 green draconians
  7 stone giants
  The ghost of vmvhnmv the Blocker, a journeyman MiFi of Okawaru (D:14)
  9 vampire knights
  6 black draconians
  A lorocyproca (Zot:4)
  5 yellow draconians
  4 deep elf demonologists (Elf:3)
  7 white draconians
  A minotaur (Shoals:4)
  4 deep elf annihilators (Elf:3)
  Azrael (D:12)
  7 spark wasps
  9 dire elephants
  5 deep elf death magi
  7 red draconians
  6 purple draconians
  2 eidola (Crypt:2)
  9 ettins
  The ghost of fly the Unseen, a journeyman KoDe of Uskayaw (D:13)
  A merfolk javelineer (Shoals:1)
  2 fire dragons
  Josephine (D:13)
  An entropy weaver (Vaults:4)
  5 yaktaur captains
  2 deep elf high priests (Elf:3)
  4 jiangshi
  A rakshasa (Depths:1)
  3 great orbs of eyes
  An ice dragon (Depths:2)
  3 spriggan zombies (Crypt:3)
  Harold (Orc:1)
  A spriggan skeleton (Crypt:3)
  A jorogumo (Spider:4)
  2 vault guards
  3 centaur warriors
  An alligator (Zot:2)
  A hydra (Lair:1)
  17 dancing weapons
  6 ironbound frosthearts
  2 tengu warriors (Depths:3)
  A merfolk aquamancer (Shoals:2)
  4 satyrs (Shoals:4)
  A spriggan air mage (Depths:4)
  2 death knights
  6 two-headed ogres
  A boulder beetle (D:11)
  A hell hog (Lair:5)
  A sphinx skeleton (Vaults:4)
  A deep troll shaman (Depths:2)
  7 deep troll earth magi
  5 orc high priests (Orc:2)
  3 vampire magi
  14 deep elf knights
  4 soul eaters
  3 hell knights (Crypt:3)
  A shock serpent (shapeshifter) (Elf:3)
  2 demonic crawlers
  3 storm dragon zombies (Crypt:3)
  2 occultists
  3 wretched stars (Abyss:3)
  2 sun demons
  A titan skeleton (Crypt:3)
  3 skysharks
  4 iron trolls
  2 salamander mystics (Depths:4)
  A sixfirhy (Depths:1)
  23 deep trolls
  4 flayed ghosts
  12 skeletal warriors
  4 orb spiders
  5 arcanists
  2 bog bodies (Crypt:3)
  6 sea snakes
  2 glowing orange brains (Depths:4)
  A lindwurm (Lair:5)
  A sun moth (Spider:4)
  2 anaconda skeletons
  A harpy (Shoals:4)
  15 ironbound convokers
  8 deep elf archers
  17 deep elf zephyrmancers
  2 phantasmal warriors
  10 orc knights
  2 steelbarb worms
  7 necromancers
  A wolf spider zombie (Crypt:2)
  6 cyclopes
  8 manticores
  11 fauns
  A will-o-the-wisp (Abyss:3)
  21 ugly things
  19 deep elf pyromancers
  An orc sorcerer (Elf:3)
  17 wolf spiders
  7 elephants
  An iron dragon skeleton (Crypt:2)
  12 moths of wrath
  4 meliai
  3 kobold blastminers
  2 salamanders (Depths:4)
  A centaur zombie (Crypt:3)
  Joseph (D:8)
  2 molten gargoyles (Lair:5)
  2 water nymphs (Shoals:2)
  4 black mambas
  4 merfolk sirens
  12 vault sentinels
  3 gargoyles
  A rust devil (D:15)
  A storm dragon simulacrum (Crypt:1)
  A naga zombie (Crypt:3)
  2 ice statues
  An orange demon (Depths:2)
  5 cane toads
  A torpor snail (Spider:2)
  An unseen horror (D:11)
  6 ice devils
  A large abomination (Abyss:3)
  5 centaur skeletons
  A sea snake zombie (Crypt:2)
  3 rime drakes
  13 yaktaurs
  A yaktaur zombie (Vaults:4)
  4 freezing wraiths
  A kobold demonologist (D:12)
  An ancient zyme (Abyss:3)
  An iron troll zombie (Crypt:3)
  6 komodo dragons
  A death yak skeleton (Crypt:3)
  A red devil (D:15)
  2 tengu conjurers
  2 polar bears (Lair:5)
  3 harpy zombies (Crypt:3)
  Psyche (D:8)
  18 tarantellas
  6 trolls
  A raiju (Abyss:3)
  10 merfolk
  2 wind drakes
  4 hornets
  2 dream sheep
  4 snapping turtles
  Grinder (D:4)
  An ettin zombie (Crypt:1)
  A blink frog (Lair:5)
  16 slime creatures
  2 human simulacra (Vaults:4)
  17 jumping spiders
  2 small abominations (Abyss:3)
  9 culicivoras
  4 air elementals
  A dire elephant simulacrum (Crypt:1)
  16 starcursed masses (Abyss:3)
  8 vampires
  7 water elementals
  4 wraiths
  3 wyverns (Lair:3)
  2 ynoxinuls
  3 fire elementals
  3 basilisks (Lair:5)
  A yak (shapeshifter) (D:13)
  48 yaks
  4 fire bats (Gauntlet)
  9 vampire mosquitoes
  A neqoxec (Abyss:3)
  6 wargs
  24 redbacks
  3 steam dragons (Lair:5)
  A death yak simulacrum (IceCv)
  A harpy simulacrum (IceCv)
  6 water moccasins
  5 hell hounds
  32 orc warriors
  2 cane toad zombies (Crypt:3)
  A human zombie (Vaults:4)
  10 laughing skulls
  An ice beast (D:7)
  3 ogres
  2 black bears
  5 boggarts
  5 centaurs
  18 wolves
  A kobold brigand (D:7)
  An elf zombie (Crypt:2)
  A brain worm (shapeshifter) (D:15)
  12 bullfrogs
  2 gnoll sergeants
  A komodo dragon skeleton (Crypt:3)
  3 earth elementals
  2 cane toad simulacra (IceCv)
  4 scorpions
  8 wights
  A burial acolyte (D:6)
  3 elephant simulacra (IceCv)
  17 killer bees
  A howler monkey (D:8)
  2 bombardier beetles
  4 lava snakes (Lair:5)
  20 orc priests
  3 jellies
  A gnoll bouda (D:7)
  5 iguanas
  8 orc wizards
  4 hell rats (Lair:5)
  3 wolf simulacra (IceCv)
  An acid dragon zombie (Crypt:3)
  An acid dragon skeleton (Crypt:2)
  13 gnolls
  4 adders
  7 white imps
  5 ufetubi
  2 adder zombies (D:6)
  A ribbon worm (D:4)
  2 dart slugs
  78 orcs
  2 bats
  6 endoplasms
  6 giant cockroaches
  8 goblins
  6 hobgoblins
  4 jackals
  11 kobolds
  3 quokkas
  5 ball pythons
  2 frilled lizards (D:1)
  A jackal skeleton (D:5)
  A jackal zombie (D:6)
  A kobold zombie (D:5)
  5 rats
  An aspiring flesh (Zot:2)
  3 tentacles (Shoals:3)
1344 creatures vanquished.

Vanquished Creatures (collateral kills)
  2 dread liches (Zot:5)
  5 orbs of fire (Zot:5)
  6 Killer Klowns
  2 curse toes
  Vv (Zot:3)
  Margery (Crypt:3)
  3 golden dragons
  Nikola (Depths:1)
  Jory (Crypt:3)
  An electric golem (Zot:5)
  6 tentacled monstrosities
  A Tzitzimitl (Zot:1)
  Mlioglotl (Spider:2)
  2 Hell Sentinels
  19 Orb Guardians
  A deep elf blademaster (Elf:3)
  A walking divine tome (Depths:3)
  3 quicksilver dragons
  5 sphinxes
  2 death cobs
  A tengu reaver (Depths:4)
  2 shadow dragons (Zot:3)
  6 storm dragons
  3 tentacled starspawn (Abyss:3)
  2 draconian monks
  A protean progenitor (Zot:3)
  The ghost of Lajad the Destroyer, an adept OpFE of Sif Muna (Elf:3)
  2 revenants (Crypt:1)
  Roxanne (Shoals:2)
  Donald (Shoals:4)
  A daeva (Zot:2)
  5 fire giants
  5 draconian knights
  5 draconian shifters
  A frost giant (Depths:2)
  A deep elf sorcerer (Elf:3)
  An emperor scorpion (Spider:4)
  2 draconian scorchers
  A ghost moth (Zot:1)
  2 curse skulls
  2 juggernaut zombies
  A deep elf elementalist (Elf:3)
  10 stone giants
  A cacodemon (Depths:2)
  A very ugly thing (Depths:3)
  9 vampire knights
  A starflower (Abyss:3)
  3 ironbound preservers
  4 purple draconians
  3 green draconians
  3 spark wasps
  5 black draconians
  5 yellow draconians
  4 white draconians
  A demonspawn black sun (D:13)
  3 deep elf death magi
  2 deep elf annihilators (Elf:3)
  A minotaur (Gauntlet)
  7 dire elephants
  A red draconian (Zot:5)
  2 ettins
  An eidolon (Crypt:2)
  An entropy weaver (Vaults:4)
  3 fire dragons
  3 merfolk impalers
  10 jiangshi
  4 merfolk javelineers
  7 yaktaur captains
  The ghost of vmvhnmv the Blocker, a journeyman MiFi of Okawaru (D:11)
  An entropy weaver (shapeshifter) (D:13)
  6 ice dragons
  2 vault guards
  3 great orbs of eyes
  2 hydras (Lair:5)
  3 rakshasas
  2 hell beasts
  A peacekeeper (Vaults:3)
  An ogre mage (D:15)
  3 centaur warriors
  A ghost crab (Gauntlet)
  2 ironbound frosthearts
  A jorogumo (Zot:3)
  3 merfolk avatars
  2 radroaches
  3 two-headed ogres
  15 dancing weapons
  A naga warrior (Depths:2)
  A boulder beetle (Vaults:4)
  A tengu warrior (Depths:1)
  A hell hog (Lair:5)
  5 deep troll shamans
  3 death knights
  4 deep troll earth magi
  An alligator snapping turtle (Shoals:2)
  6 satyrs
  5 vampire magi
  An occultist (Depths:2)
  2 demonic crawlers
  4 thrashing horrors (Abyss:3)
  3 soul eaters
  2 spriggans (Depths:2)
  Sonja (D:11)
  A fire crab (Gauntlet)
  A sun demon (Depths:4)
  3 iron trolls
  A wretched star (Abyss:3)
  4 deep elf knights
  A shadow wraith (Crypt:2)
  A sixfirhy (Depths:2)
  3 skysharks
  A golden dragon zombie (Crypt:3)
  8 skeletal warriors
  A fire crab (shapeshifter) (Depths:4)
  A ghost moth zombie (Crypt:3)
  3 pharaoh ants
  6 sea snakes
  24 deep trolls
  A bog body (Crypt:3)
  A sun moth (Spider:2)
  A shadow demon (D:15)
  An arcanist (Vaults:2)
  2 deep elf archers
  2 orb spiders (Spider:4)
  A glowing orange brain (Depths:4)
  4 ironbound convokers
  9 phantasmal warriors
  2 flayed ghosts
  2 steelbarb worms
  10 deep elf zephyrmancers
  A golden dragon skeleton (Crypt:2)
  4 salamanders (Depths:4)
  9 deep elf pyromancers
  2 oklob plants (Abyss:3)
  An orc sorcerer (D:14)
  5 wolf spiders
  10 fauns
  2 harpies (Shoals:4)
  15 ugly things
  5 orc knights
  3 cyclopes
  A toenail golem (D:13)
  7 merfolk sirens
  3 black mambas (Lair:5)
  A large abomination (Abyss:3)
  16 moths of wrath
  3 elephants
  16 manticores
  A guardian serpent (Abyss:3)
  A water nymph (Shoals:2)
  5 meliai
  A goliath frog skeleton (Crypt:3)
  2 torpor snails
  3 smoke demons
  The ghost of antlorb the Covered, a novice MDFi of Okawaru (D:5)
  A gargoyle (D:14)
  A molten gargoyle (Lair:5)
  A stone giant skeleton (Crypt:3)
  7 vault sentinels
  3 komodo dragons
  A dire elephant skeleton (Crypt:1)
  2 unseen horrors
  6 freezing wraiths
  An ancient zyme (Abyss:3)
  A kobold demonologist (Abyss:3)
  10 yaktaurs
  A black draconian zombie (Crypt:1)
  A redback zombie (Crypt:1)
  2 tengu conjurers
  2 anaconda simulacra (IceCv)
  A green draconian skeleton (Crypt:2)
  A queen bee (D:14)
  7 ice devils (IceCv)
  A harpy skeleton (Crypt:3)
  A harpy zombie (Crypt:2)
  A polar bear (Lair:1)
  19 merfolk
  2 trolls
  3 wind drakes
  A wind drake (shapeshifter) (Vaults:4)
  3 blink frogs
  9 tarantellas
  8 dream sheep
  An ettin zombie (Crypt:3)
  4 hornets
  5 snapping turtles
  4 raiju (Abyss:3)
  11 jumping spiders
  18 slime creatures
  A ynoxinul (D:11)
  A human (shapeshifter) (D:15)
  4 culicivoras
  13 vampires (Crypt:3)
  2 dire elephant simulacra (IceCv)
  A shadow (D:11)
  11 yaks
  4 water elementals
  8 wraiths
  6 starcursed masses (Abyss:3)
  4 wyverns
  2 fire bats (Gauntlet)
  2 fire elementals
  5 wargs
  2 vampire mosquitoes
  A steam dragon (D:9)
  2 chaos spawn
  A death yak simulacrum (IceCv)
  17 redbacks
  2 harpy simulacra (IceCv)
  2 small abominations (Abyss:3)
  5 acid dragons
  2 two-headed ogre skeletons
  4 hell hounds
  6 water moccasins
  An ice beast (D:8)
  14 orc warriors
  2 sky beasts
  A black bear (D:9)
  3 ogres
  4 laughing skulls
  4 wolves
  2 boggarts
  2 centaurs
  A torpor snail zombie (Crypt:1)
  A brain worm (Abyss:3)
  4 bullfrogs
  4 cane toad simulacra (IceCv)
  2 earth elementals
  A gnoll sergeant (D:10)
  A spriggan zombie (Crypt:1)
  2 elephant simulacra (IceCv)
  13 killer bees
  A howler monkey (D:8)
  A lava snake (Lair:5)
  A crimson imp (Abyss:3)
  2 hounds (D:6)
  2 jellies (Lair:5)
  6 orc priests
  A sleepcap (D:7)
  A hell rat (Lair:5)
  4 orc wizards
  A boggart skeleton (Crypt:1)
  A polar bear simulacrum (IceCv)
  A spriggan simulacrum (IceCv)
  2 wolf simulacra (IceCv)
  7 gnolls
  A naga simulacrum (IceCv)
  A shadow imp (Abyss:3)
  A white imp (IceCv)
  5 ufetubi
  33 orcs
  2 endoplasms (Lair:5)
  3 goblins (D:7)
  4 kobolds
  A river rat zombie (Crypt:1)
  A hobgoblin zombie (Crypt:1)
  An aspiring flesh (Zot:3)
  3 starspawn tentacles (Abyss:3)
909 creatures vanquished.

Vanquished Creatures (others)
  A shadow dragon (Zot:2)
  A two-headed ogre (D:8)
  A deep elf knight (Elf:2)
  A deep elf zephyrmancer (Elf:2)
  A wolf spider (Spider:4)
  A faun (Shoals:4)
  87 battlemagi
  3 ancestors
  An ufetubus (D:10)
  2 foxfires (Abyss:3)
  12 starspawn tentacles (Abyss:3)
  A tentacle (Shoals:3)
112 creatures vanquished.

Grand Total: 2365 creatures vanquished

Notes
Turn   | Place    | Note
-------+----------+-------------------------------------------
     0 | D:1      | nakedcarnage the Octopode Wanderer began the quest for the
                  | Orb.
     0 | D:1      | nakedcarnage set off with the following items: a +2 dagger,
                  | a scroll of fear, a +0 mace, 2 potions of curing {@q1}.
     0 | D:1      | Reached XP level 1. HP: 11/11 MP: 1/1
    90 | D:1      | Reached skill level 1 in Fighting
    94 | D:1      | Reached XP level 2. HP: 17/18 MP: 2/2
   290 | D:1      | Reached skill level 1 in Dodging
   759 | D:1      | Reached skill level 2 in Fighting
   827 | D:2      | Found Gadd's Antique Armour Emporium.
   835 | D:2      | Reached XP level 3. HP: 15/24 MP: 3/3
  1415 | D:2      | Learned a level 1 spell: Sting
  1614 | D:3      | Found an ornate altar of the Wu Jian Council.
  1791 | D:3      | Found Rupic's Weapon Shop.
  1794 | D:3      | Found Dicsued's Antique Weapon Boutique.
  1802 | D:3      | Found Demurisk's Antique Weapon Emporium.
  1810 | D:3      | Reached XP level 4. HP: 30/30 MP: 4/4
  2269 | D:3      | Reached XP level 5. HP: 31/36 MP: 5/5
  2273 | D:3      | Learned a level 3 spell: Ozocubu's Armour
  2431 | D:3      | Found Hiomay's Antique Armour Shop.
  2766 | D:3      | Found Wiaty's Weapon Shoppe.
  2948 | D:3      | Reached skill level 3 in Fighting
  3000 | D:4      | Noticed Grinder
  3248 | D:4      | Reached XP level 6. HP: 42/42 MP: 6/6
  3340 | D:4      | Paralysed by Grinder for 4 turns
  3353 | D:4      | Killed Grinder
  3354 | D:4      | Reached skill level 4 in Fighting
  3354 | D:4      | Reached XP level 7. HP: 23/49 MP: 7/7
  3533 | D:4      | Found a hazy altar of Hepliaklqana.
  3534 | D:4      | Found a shimmering altar of Xom.
  3534 | D:4      | Noticed a tentacled monstrosity
  3535 | D:4      | Noticed a spectral ugly thing
  3535 | D:4      | Noticed a tentacled monstrosity
  3554 | D:4      | Became a worshipper of Hepliaklqana the Forgotten
  3658 | D:4      | Found a shadowy altar of Dithmenos.
  3717 | D:5      | Entered Level 5 of the Dungeon
  3756 | D:5      | Found a radiant altar of Vehumet.
  3927 | D:5      | Found a runed translucent door.
  3927 | D:5      | Noticed antlorb's ghost (novice MDFi)
  4040 | D:5      | Reached * piety under Hepliaklqana
  4193 | D:5      | Reached skill level 5 in Fighting
  4220 | D:5      | Found a runed translucent door.
  4220 | D:5      | Noticed a human
  4226 | D:5      | Found a basalt altar of Yredelemnul.
  4733 | D:6      | Reached XP level 8. HP: 30/50 MP: 8/8
  4851 | D:6      | Found an ancient bone altar of Kikubaaqudgha.
  5123 | D:6      | Reached skill level 5 in Dodging
  5612 | D:7      | Found a flagged portal.
  5635 | D:7      | Reached skill level 6 in Fighting
  5638 | D:7      | Found a staircase to the Ecumenical Temple.
  5746 | Bailey   | Entered a bailey
  5790 | D:7      | Found a glowing silver altar of Zin.
  5790 | D:7      | Found a white marble altar of Elyvilon.
  5791 | D:7      | Found a glowing golden altar of the Shining One.
  6046 | D:7      | Reached XP level 9. HP: 56/56 MP: 9/9
  6125 | D:7      | Found a hide-covered altar of Uskayaw.
  6125 | D:7      | Found a sparkling altar of Nemelex Xobeh.
  6645 | D:7      | Reached skill level 7 in Fighting
  6763 | D:7      | Reached ** piety under Hepliaklqana
  6764 | D:7      | Remembered your ancestor Weulot as a battlemage
  6878 | D:3      | Bought a fading eveningstar for 380 gold pieces
  6878 | D:3      | Identified the +5 eveningstar of Onymacy {venom, Dex+3}
                  | (You bought it in a shop on level 3 of the Dungeon)
  7190 | D:8      | Noticed a two-headed ogre
  7195 | D:8      | Noticed Joseph
  7203 | D:8      | Killed a two-headed ogre
  7211 | D:8      | Noticed Psyche
  7260 | D:8      | Reached XP level 10. HP: 33/63 MP: 7/10
  7463 | D:8      | Gained mutation: You occasionally shout uncontrollably at
                  | your foes. [potion of mutation]
  7463 | D:8      | Gained mutation: You are resistant to electric shocks.
                  | (rElec) [potion of mutation]
  7781 | D:9      | Reached skill level 10 in Maces & Flails
  7890 | D:9      | Reached skill level 8 in Fighting
  8006 | D:9      | Found a staircase to the Lair.
  8485 | D:9      | Reached skill level 1 in Shields
  8804 | D:9      | Learned a level 3 spell: Swiftness
  8814 | D:10     | Entered Level 10 of the Dungeon
  8814 | D:10     | Noticed a two-headed ogre
  8816 | D:10     | Killed a two-headed ogre
  8888 | D:10     | Reached XP level 11. HP: 66/70 MP: 11/11
  8898 | D:10     | Noticed a cyclops
  8899 | D:10     | Found a snail-covered altar of Cheibriados.
  8899 | D:10     | Noticed a two-headed ogre
  9009 | D:11     | Noticed a boulder beetle
  9023 | D:11     | Killed a boulder beetle
  9024 | D:11     | Reached skill level 5 in Shields
  9113 | D:11     | Noticed a two-headed ogre
  9114 | D:11     | Noticed a purple ugly thing
  9271 | D:10     | Killed a cyclops
  9805 | D:10     | Found a sacrificial altar of Ru.
  9819 | D:10     | Reached *** piety under Hepliaklqana
  9968 | D:10     | Noticed a brown ugly thing
 10106 | D:10     | Killed a brown ugly thing
 10427 | D:10     | Killed a two-headed ogre
 10742 | D:10     | Reached XP level 12. HP: 32/75 MP: 12/12
 10921 | D:10     | Found a blossoming altar of Fedhas.
 11052 | D:10     | Found a shimmering blue altar of Sif Muna.
 11073 | D:10     | Found an iron altar of Okawaru.
 11631 | D:10     | Reached skill level 1 in Ice Magic
 11821 | D:11     | Reached skill level 1 in Spellcasting
 11826 | D:11     | Killed a two-headed ogre
 12101 | D:11     | Found a runed translucent door.
 12104 | D:11     | Noticed vmvhnmv's ghost (journeyman MiFi)
 12104 | D:11     | Noticed a deep elf knight
 12163 | D:11     | Noticed Sonja
 12165 | D:11     | Killed Sonja
 12719 | D:8      | Killed Joseph
 12753 | Lair:1   | Entered Level 1 of the Lair of Beasts
 12860 | Lair:1   | Found a frozen archway.
 12870 | IceCv    | Entered an ice cave
 13298 | IceCv    | Reached skill level 5 in Ice Magic
 15671 | IceCv    | Found an ancient bone altar of Kikubaaqudgha.
 16217 | IceCv    | Reached XP level 13. HP: 76/80 MP: 15/17
 16294 | IceCv    | Got Zocyat's Compendium of the Mortal Crevasse
 16645 | Lair:1   | Reached **** piety under Hepliaklqana
 16682 | Lair:1   | Reached skill level 9 in Fighting
 17561 | Lair:1   | Learned a level 3 spell: Summon Ice Beast
 17565 | Lair:1   | Learned a level 3 spell: Frozen Ramparts
 17666 | Lair:2   | Found a staircase to the Shoals.
 17694 | Lair:2   | Reached skill level 1 in Summonings
 18964 | Lair:2   | Found a staircase to the Shoals.
 19929 | Lair:3   | Reached skill level 10 in Fighting
 20219 | Lair:3   | Reached skill level 5 in Invocations
 20241 | Lair:3   | Found a hole to the Spider Nest.
 20637 | Lair:4   | Reached ***** piety under Hepliaklqana
 20637 | Lair:4   | Identified the amulet of Ruveoqae {Faith rN++}
 21426 | Lair:5   | Entered Level 5 of the Lair of Beasts
 21435 | Lair:5   | Reached XP level 14. HP: 85/89 MP: 18/20
 21452 | Lair:5   | Reached skill level 10 in Shields
 22038 | Lair:5   | Found a staircase to the Slime Pits.
 22171 | Lair:5   | Reached skill level 11 in Fighting
 22881 | Lair:5   | Found a large runed translucent door.
 22884 | Lair:5   | Found a large runed translucent door.
 23029 | Lair:5   | Reached skill level 12 in Fighting
 23727 | D:12     | Found a staircase to the Orcish Mines.
 23753 | D:12     | Noticed Azrael
 24409 | D:12     | Killed Azrael
 24789 | D:13     | Found a transporter.
 24805 | D:13     | Reached skill level 13 in Fighting
 25225 | D:13     | Reached XP level 15. HP: 94/96 MP: 21/21
 25260 | D:13     | Learned a level 5 spell: Summon Mana Viper
 26651 | D:13     | Found a gate to the Vaults.
 26844 | D:13     | Reached skill level 14 in Fighting
 26847 | D:13     | Noticed Josephine
 26852 | D:13     | Killed Josephine
 27143 | D:13     | Found Jyanom's Jewellery Boutique.
 27147 | D:13     | Bought a +6 ring of dexterity for 576 gold pieces
 27147 | D:13     | Bought a +5 ring of evasion for 576 gold pieces
 27168 | D:13     | Found a runed translucent gate.
 27169 | D:13     | Found a runed translucent gate.
 27169 | D:13     | Found a runed translucent gate.
 27238 | D:13     | Noticed fly's ghost (journeyman KoDe)
 27240 | D:13     | Identified the +0 plate armour "Vav Cylu" {Dex+2}
 27282 | D:13     | Found a transporter.
 27329 | D:13     | Reached skill level 5 in Evocations
 27420 | D:13     | Found a roughly hewn altar of Beogh.
 27823 | D:14     | Reached skill level 15 in Maces & Flails
 28387 | D:14     | Found a transporter.
 28387 | D:14     | Found a transporter.
 28389 | D:14     | Noticed vmvhnmv's ghost (journeyman MiFi)
 28564 | D:15     | Entered Level 15 of the Dungeon
 29062 | D:15     | Found a staircase to the Depths.
 29264 | D:15     | Found Ontol's Tiny Tomes.
 29418 | D:15     | Reached skill level 10 in Dodging
 29773 | D:15     | Reached XP level 16. HP: 92/107 MP: 18/22
 30616 | D:5      | Killed antlorb's ghost
 30784 | D:13     | Bought a ring of poison resistance for 320 gold pieces
 30825 | Orc:1    | Entered Level 1 of the Orcish Mines
 30825 | Orc:1    | Noticed Harold
 30831 | Orc:1    | Killed Harold
 31448 | Orc:1    | Found a roughly hewn altar of Beogh.
 31642 | Orc:2    | Entered Level 2 of the Orcish Mines
 31677 | Orc:2    | Found a staircase to the Elven Halls.
 31883 | Orc:2    | Found Ikim's Armour Emporium.
 31893 | Orc:2    | Found Imautu's Weapon Shoppe.
 31898 | Orc:2    | Found a roughly hewn altar of Beogh.
 32020 | Orc:2    | Found a roughly hewn altar of Beogh.
 32088 | Orc:2    | Found a gate leading to a gauntlet.
 32097 | Gauntlet | Entered a Gauntlet
 32097 | Gauntlet | Found a transporter.
 32097 | Gauntlet | Found a transporter.
 32101 | Gauntlet | Found a transporter.
 32101 | Gauntlet | Found a transporter.
 32110 | Gauntlet | Found a transporter.
 32129 | Gauntlet | Found a transporter.
 32135 | Gauntlet | Found a large runed translucent door.
 32136 | Gauntlet | Found a large runed translucent door.
 32138 | Gauntlet | Found a large runed translucent door.
 32139 | Gauntlet | Found a runed translucent gate.
 32139 | Gauntlet | Found a large runed translucent door.
 32140 | Gauntlet | Found a transporter.
 32140 | Gauntlet | Found a runed translucent gate.
 32140 | Gauntlet | Found a transporter.
 32140 | Gauntlet | Found a large runed translucent door.
 32140 | Gauntlet | Found a large runed translucent door.
 32140 | Gauntlet | Found a runed translucent door.
 32141 | Gauntlet | Found a runed translucent gate.
 32141 | Gauntlet | Found a runed translucent door.
 32141 | Gauntlet | Found a transporter.
 32141 | Gauntlet | Found a large runed translucent door.
 32142 | Gauntlet | Found a large runed translucent door.
 32147 | Gauntlet | Found a large runed translucent door.
 32147 | Gauntlet | Found a large runed translucent door.
 32148 | Gauntlet | Found a large runed translucent door.
 32149 | Gauntlet | Found a large runed translucent door.
 32168 | Gauntlet | Found a transporter.
 32219 | Gauntlet | Found a transporter.
 32233 | Gauntlet | Found a transporter.
 32322 | Gauntlet | Found a transporter.
 32331 | Gauntlet | Found a transporter.
 32347 | Gauntlet | Found a transporter.
 32358 | Gauntlet | Found a transporter.
 32360 | Gauntlet | Found a large runed translucent door.
 32361 | Gauntlet | Found a large runed translucent door.
 32362 | Gauntlet | Found a large runed translucent door.
 32363 | Gauntlet | Found a large runed translucent door.
 32648 | Gauntlet | Identified the ring "Xiarphaha" {MP+9 Str+3 Int+3 Dex-5}
 32746 | Gauntlet | Found the +1 eveningstar "Brilliance" {foul flame, Umbra}
 32746 | Gauntlet | Identified the +6 dire flail of Visoeten {vamp, Will++
                  | Str-4 Dex+3}
 32797 | Gauntlet | Identified the +7 dagger "Ezeat" {venom, rElec Dex+5}
 32797 | Gauntlet | Identified the scarf of Hairiness {+Inv, MP-9 Str+4 Int+7}
 32798 | Gauntlet | Got the Catalogue of Dislocated Transfiguration
 33014 | Orc:2    | Found Eckuobry's Armour Emporium.
 33253 | Orc:2    | Found Taloexau's Armour Shoppe.
 33537 | Elf:1    | Entered Level 1 of the Elven Halls
 33568 | Elf:1    | Found a radiant altar of Vehumet.
 34641 | Elf:1    | Reached XP level 17. HP: 75/112 MP: 17/23
 34644 | Elf:1    | Paralysed by an air elemental for 1 turns
 35317 | Elf:1    | Learned a level 2 spell: Lesser Beckoning
 35515 | Elf:2    | Found a runed translucent gate.
 35516 | Elf:2    | Found a runed translucent gate.
 35517 | Elf:2    | Found a runed translucent gate.
 35713 | Elf:2    | Paralysed by an air elemental for 1 turns
 35722 | Elf:2    | Found Xeacusaoll's Weapon Shop.
 36442 | Elf:2    | Found Xenkauh's Book Shop.
 36443 | Elf:2    | Found Idwagrut's Jewellery Emporium.
 36443 | Elf:2    | Found Usuhemir's Jewellery Emporium.
 36457 | Elf:2    | Bought a ring of willpower for 400 gold pieces
 36464 | Elf:2    | Bought a +5 ring of evasion for 612 gold pieces
 36582 | Elf:3    | Entered Level 3 of the Elven Halls
 36589 | Elf:3    | Found a flickering gateway to a bazaar.
 36965 | Elf:3    | Reached skill level 15 in Dodging
 37002 | Elf:3    | Found a runed translucent door.
 37065 | Elf:3    | Noticed Lajad's ghost (adept OpFE)
 37270 | Elf:3    | Found a runed translucent door.
 37421 | Elf:3    | Reached skill level 15 in Fighting
 37700 | Bazaar   | Entered a bazaar
 37702 | Bazaar   | Found Ifood's Antique Armour Boutique.
 37706 | Bazaar   | Found Fidd's General Store.
 37706 | Bazaar   | Found Karey's Jewellery Boutique.
 37707 | Bazaar   | Found Wuhusuhy's Distillery.
 37730 | Bazaar   | Bought a potion of heal wounds for 50 gold pieces
 37730 | Bazaar   | Bought a potion of heal wounds for 50 gold pieces
 37730 | Bazaar   | Bought a potion of lignification for 30 gold pieces
 38269 | Elf:3    | Identified the +2 ring mail "Ykirex" {Int+5 SInv}
 38269 | Elf:3    | Noticed a deep elf blademaster
 38284 | Elf:3    | Killed a deep elf blademaster
 38417 | Elf:3    | Noticed a deep elf master archer
 38424 | Elf:3    | Killed a deep elf master archer
 38727 | Elf:3    | Noticed a deep elf blademaster
 38733 | Elf:3    | Killed a deep elf blademaster
 39196 | Elf:3    | Reached XP level 18. HP: 85/121 MP: 17/24
 39320 | Elf:3    | Identified the +10 rapier of Woonged {venom, MP+9 Str+3}
 39333 | Elf:3    | Reached skill level 16 in Fighting
 39393 | Elf:3    | Identified the +0 plate armour of the Fletcher {rElec
                  | Str+4}
 39393 | Elf:3    | Noticed a deep elf master archer
 39406 | Elf:3    | Killed a deep elf master archer
 39443 | Elf:3    | Identified the amulet of Peof {RegenMP Int+5 Dex+2}
 39980 | Elf:3    | Found the +8 storm bow {elec, penet}
 39981 | Elf:3    | Identified the +1 kite shield of the Eternal Void {*Slow
                  | rC+ Int+7 Dex+4}
 39987 | Elf:3    | Got Further Steps in Wizarding
 40011 | Elf:3    | Identified the staff "Veytiwka" {rF+ Str+3 Dex+4 Stlth+
                  | Summ Fire}
 40015 | Elf:3    | Identified the staff of the Bashing Wolf {rN+ rCorr Str+4
                  | Stlth- Necro Earth}
 40250 | Elf:2    | Bought a +4 ring of protection for 576 gold pieces
 40521 | Spider:1 | Entered Level 1 of the Spider Nest
 41115 | Spider:1 | Identified the +8 spear of the Sun {venom, rElec rC+}
 42002 | Spider:2 | Reached skill level 17 in Fighting
 42678 | Spider:2 | Noticed Mlioglotl
 42687 | Spider:2 | Killed Mlioglotl
 43074 | Spider:2 | Reached ****** piety under Hepliaklqana
 43166 | Spider:2 | Learned a level 2 spell: Blink
 43201 | Spider:3 | Reached skill level 1 in Translocations
 43564 | Spider:3 | Identified the +0 long sword "Impslayer" {drain, rC+ Dex+4}
 43628 | Spider:3 | Noticed Arachne
 43656 | Spider:3 | Killed Arachne
 43892 | Spider:4 | Entered Level 4 of the Spider Nest
 44000 | Spider:4 | Reached skill level 5 in Translocations
 44348 | Spider:4 | Reached skill level 1 in Shapeshifting
 44673 | Spider:4 | Reached XP level 19. HP: 91/130 MP: 16/25
 44795 | Spider:4 | Got a gossamer rune of Zot
 44866 | Spider:4 | Found a runed translucent gate.
 44866 | Spider:4 | Found a runed translucent gate.
 44867 | Spider:4 | Found a runed translucent gate.
 44868 | Spider:4 | Noticed Kiciri's ghost (adept DjCj)
 44868 | Spider:4 | Noticed niknal's ghost (adept CoGl)
 45738 | D:8      | Killed Psyche
 45925 | Shoals:1 | Entered Level 1 of the Shoals
 46027 | Shoals:1 | Reached skill level 5 in Shapeshifting
 46580 | Shoals:2 | Noticed Roxanne
 46840 | Shoals:2 | You are sucked into a shaft and drop 1 floor!
 48001 | Shoals:2 | Killed Roxanne
 48266 | Shoals:4 | Entered Level 4 of the Shoals
 48295 | Shoals:4 | Reached skill level 10 in Shapeshifting
 48646 | Shoals:4 | Noticed Donald
 48666 | Shoals:4 | Killed Donald
 48932 | Shoals:4 | Found the +15 Maxwell's patent armour {-Cast -Tele rElec
                  | Will+ rCorr}
 49196 | Shoals:4 | Reached XP level 20. HP: 137/137 MP: 26/26
 49390 | Shoals:4 | Got a barnacled rune of Zot
 49756 | Vaults:1 | Entered Level 1 of the Vaults
 49763 | Vaults:1 | Found Ikoiv's Book Boutique.
 49957 | D:13     | Killed fly's ghost
 51113 | Vaults:1 | Identified the +7 flail of Plunder {heavy, rPois MP+9
                  | Str+5}
 51818 | Vaults:2 | Reached skill level 15 in Shapeshifting
 52452 | Vaults:3 | Reached XP level 21. HP: 96/142 MP: 22/27
 52627 | Vaults:3 | Identified the +7 whip "Rofeuh" {holy, rF- rC+++ rCorr
                  | Dex-4}
 52995 | Vaults:3 | Reached skill level 18 in Fighting
 53329 | Vaults:3 | Found a staircase to the Crypt.
 53329 | Vaults:3 | Found a basalt altar of Yredelemnul.
 53330 | Vaults:3 | Found an ancient bone altar of Kikubaaqudgha.
 53455 | Vaults:3 | Found Nolif's General Store.
 53469 | Vaults:3 | Bought a scroll of teleportation for 57 gold pieces
 54404 | Vaults:4 | Found Qeschouq's General Store.
 54418 | Vaults:4 | Bought a potion of haste for 190 gold pieces
 55034 | Elf:2    | Reached skill level 19 in Fighting
 55037 | Elf:2    | Identified the blade talisman "Futzat" {rN+ Str+3 Dex+3}
 56632 | D:11     | Killed vmvhnmv's ghost
 57017 | Elf:3    | Killed Lajad's ghost
 57505 | Spider:4 | Killed Kiciri's ghost
 57559 | Spider:4 | Killed niknal's ghost
 57560 | Spider:4 | Reached XP level 22. HP: 151/151 MP: 25/28
 57973 | Depths:1 | Entered Level 1 of the Depths
 58197 | Depths:1 | Found a gateway to Hell.
 58282 | Depths:1 | Noticed Nikola
 58289 | Depths:1 | Killed Nikola
 58477 | Depths:1 | Identified the +0 plate armour "Builinep" {rC+}
 58478 | Depths:1 | Found a snail-covered altar of Cheibriados.
 59197 | Abyss:3  | Cast into level 3 of the Abyss (an occultist)
 59360 | Abyss:3  | Reached skill level 5 in Stealth
 59396 | Abyss:3  | Found a corrupted altar of Lugonu.
 59497 | Abyss:3  | Found a corrupted altar of Lugonu.
 59497 | Abyss:3  | Found a corrupted altar of Lugonu.
 59501 | Abyss:3  | Got an abyssal rune of Zot
 59511 | Depths:2 | Escaped the Abyss
 59606 | Depths:2 | Found a white marble altar of Elyvilon.
 59718 | Depths:2 | Found a one-way gate to the infinite horrors of the Abyss.
 59807 | Depths:2 | Reached skill level 20 in Fighting
 59874 | Depths:2 | Identified the +11 war axe of Amorality {pain, Str+3}
 59944 | Depths:2 | Reached skill level 10 in Invocations
 60318 | Depths:2 | Found a one-way gate leading to the halls of Pandemonium.
 60457 | Depths:3 | Reached XP level 23. HP: 139/158 MP: 30/30
 60464 | Depths:3 | Noticed Parghit
 60492 | Depths:3 | Parghit changed into Parghit the titan
 60492 | Depths:3 | Noticed Parghit
 60494 | Depths:3 | Killed Parghit the titan
 60760 | Depths:3 | Found a one-way gateway to a ziggurat.
 60803 | Depths:3 | You fall into a shaft and drop 1 floor!
 60803 | Depths:4 | Entered Level 4 of the Depths
 60803 | Depths:4 | Found a gate to the Realm of Zot.
 60804 | Depths:4 | Noticed a golden dragon
 60816 | Depths:4 | Noticed a golden dragon
 60818 | Depths:4 | Reached skill level 10 in Evocations
 60876 | Depths:4 | Found a flickering gateway to a bazaar.
 60908 | Bazaar   | Entered a bazaar
 60911 | Bazaar   | Found Jaischucs's Magic Scroll Shop.
 60916 | Bazaar   | Bought a scroll of teleportation for 33 gold pieces
 60945 | Bazaar   | Found Uczyjose's Magic Scroll Boutique.
 60945 | Bazaar   | Found Hoqaqih's Antique Armour Shop.
 60957 | Bazaar   | Bought a scroll of blinking for 60 gold pieces
 60957 | Bazaar   | Bought a scroll of fear for 32 gold pieces
 60972 | Bazaar   | Found Diqely's Assorted Antiques.
 61005 | Bazaar   | Bought a scroll of silence for 104 gold pieces
 61034 | Depths:4 | Found a hazy altar of Hepliaklqana.
 61299 | Depths:4 | Killed a golden dragon
 61564 | Depths:4 | Found an iron altar of Okawaru.
 61790 | Depths:3 | Found Vilaeb Ryza's Assorted Antiques.
 61799 | Depths:3 | Bought a scroll of silence for 427 gold pieces
 62225 | D:14     | Killed vmvhnmv's ghost
 62226 | D:14     | Reached skill level 21 in Fighting
 62252 | D:14     | Identified the +4 short sword "Azepale" {flame, Str+5}
 62457 | Crypt:1  | Entered Level 1 of the Crypt
 62754 | Crypt:1  | Learned a level 4 spell: Passage of Golubria
 62760 | Crypt:1  | Learned a level 5 spell: Summon Forest
 62844 | Vaults:1 | Bought a book of Lightning for 504 gold pieces
 62887 | D:13     | Learned a level 4 spell: Vhi's Electric Charge
 63132 | Crypt:1  | Reached skill level 1 in Air Magic
 63736 | Crypt:2  | Reached XP level 24. HP: 168/168 MP: 31/31
 64044 | Crypt:3  | Entered Level 3 of the Crypt
 64081 | Crypt:3  | Reached skill level 5 in Spellcasting
 64095 | Crypt:3  | Found a staircase to the Tomb.
 64462 | Crypt:3  | Noticed Jory
 64466 | Crypt:3  | Killed Jory
 64545 | Crypt:3  | Identified the +10 dagger "Romp" {flame, rCorr}
 64561 | Crypt:3  | Identified the staff "Mud Pie of Death" {rC- rN+ Dex+2 SInv
                  | Necro}
 64567 | Crypt:3  | Got the Dissertation on Esoterica and the Throng
 64950 | Crypt:3  | Reached skill level 5 in Air Magic
 65043 | Crypt:3  | Identified the +2 falchion "Furghit" {drain, rElec rPois}
 65106 | Crypt:3  | Noticed Margery
 65115 | Crypt:3  | Killed Margery
 65121 | Crypt:3  | Killed the ghostly Margery
 65455 | Orc:2    | Bought the +18 shield of the Gong {Loud rN+ Will+ rCorr
                  | EV-5} for 1342 gold pieces
 65455 | Orc:2    | Found the +18 shield of the Gong {Loud rN+ Will+ rCorr
                  | EV-5}
 65665 | Zot:1    | Entered Level 1 of the Realm of Zot
 65690 | Zot:1    | Noticed an orb of fire
 66875 | Zot:1    | Gained mutation: Your magical capacity is low. (-10% MP)
                  | [an orb of fire]
 66877 | Zot:1    | Killed an orb of fire
 66878 | Zot:1    | Reached skill level 22 in Fighting
 67100 | Zot:2    | Reached skill level 10 in Translocations
 67182 | Zot:2    | Reached XP level 25. HP: 175/175 MP: 28/28
 67249 | Zot:2    | Reached skill level 15 in Shields
 67998 | Zot:3    | You fall into a shaft and drop 1 floor!
 68000 | Zot:4    | Noticed a Killer Klown
 68005 | Zot:4    | Noticed a Killer Klown
 68007 | Zot:4    | Noticed a Killer Klown
 68008 | Zot:4    | Noticed a Killer Klown
 68008 | Zot:4    | Noticed a Killer Klown
 68356 | Zot:3    | Noticed Vv
 68361 | Zot:3    | Killed Vv
 68545 | Zot:4    | Noticed a Killer Klown
 68591 | Zot:3    | Killed a Killer Klown
 68599 | Zot:3    | Killed a Killer Klown
 68648 | Zot:3    | Killed a Killer Klown
 68658 | Zot:4    | Killed a Killer Klown
 68662 | Zot:4    | Killed a Killer Klown
 68671 | Zot:4    | Killed a Killer Klown
 68698 | Zot:4    | Noticed a Killer Klown
 68709 | Zot:4    | Killed a Killer Klown
 69582 | Zot:5    | Entered Level 5 of the Realm of Zot
 69737 | Zot:4    | Reached XP level 26. HP: 180/180 MP: 28/28
 70745 | Zot:5    | Noticed a dread lich
 71052 | Zot:5    | Noticed a Killer Klown
 71058 | Zot:5    | Killed a Killer Klown
 71186 | Zot:5    | Noticed a Killer Klown
 71420 | Zot:5    | Noticed a dread lich
 71427 | Zot:5    | Killed a dread lich
 71434 | Zot:5    | Noticed an orb of fire
 71435 | Zot:5    | Gained mutation: You are clumsy. (Dex -2) [an orb of fire]
 71438 | Zot:5    | Killed an orb of fire
 71470 | Zot:5    | Noticed a dread lich
 71473 | Zot:5    | Killed a dread lich
 71580 | Zot:5    | Noticed an orb of fire
 71588 | Zot:5    | Killed an orb of fire
 71713 | Zot:5    | Noticed an orb of fire
 71718 | Zot:5    | Killed an orb of fire
 71777 | Zot:5    | Noticed a dread lich
 71781 | Zot:5    | Killed a dread lich
 71784 | Zot:5    | Killed a Killer Klown
 71935 | Zot:5    | Noticed an orb of fire
 72423 | Zot:5    | Killed a dread lich
 72462 | Zot:5    | Noticed an orb of fire
 72464 | Zot:5    | Noticed an orb of fire
 72471 | Zot:5    | Noticed an orb of fire
 72476 | Zot:5    | Killed an orb of fire
 72478 | Zot:5    | Killed an orb of fire
 72480 | Zot:5    | Noticed an orb of fire
 72481 | Zot:5    | Gained mutation: You are frail. (-10% HP) [an orb of fire]
 72484 | Zot:5    | Killed an orb of fire
 72498 | Zot:5    | Killed an orb of fire
 72647 | Zot:5    | Noticed an orb of fire
 72650 | Zot:5    | Noticed an orb of fire
 72652 | Zot:5    | Killed an orb of fire
 72657 | Zot:5    | Killed an orb of fire
 72692 | Zot:5    | Reached XP level 27. HP: 165/165 MP: 29/29
 72705 | Zot:5    | Noticed an ancient lich
 72710 | Zot:5    | Killed an ancient lich
 72894 | Zot:5    | Noticed an orb of fire
 72894 | Zot:5    | Gained mutation: Your health recovers twice as slowly from
                  | being drained. [an orb of fire]
 72895 | Zot:5    | Gained mutation: You have hidden genetic defects. [an orb
                  | of fire]
 72898 | Zot:5    | Gained mutation: You have terrible hidden genetic defects.
                  | [an orb of fire]
 72899 | Zot:5    | Killed an orb of fire
 72902 | Zot:5    | Lost mutation: Your magical capacity is low. (-10% MP) [an
                  | orb of fire]
 72904 | Zot:5    | Gained mutation: You are very frail. (-20% HP) [an orb of
                  | fire]
 72912 | Zot:5    | Killed an orb of fire
 72947 | Zot:5    | Lost mutation: You are very frail. (-20% HP) [potion of
                  | mutation]
 72947 | Zot:5    | Lost mutation: You are clumsy. (Dex -2) [potion of
                  | mutation]
 72947 | Zot:5    | Gained mutation: One of your tentacles bears a spike.
                  | [potion of mutation]
 72947 | Zot:5    | Gained mutation: Your natural rate of healing is unusually
                  | fast. [potion of mutation]
 72949 | Zot:5    | Lost mutation: You have terrible hidden genetic defects.
                  | [potion of mutation]
 72949 | Zot:5    | Lost mutation: You have hidden genetic defects. [potion of
                  | mutation]
 72950 | Zot:5    | Lost mutation: You are resistant to electric shocks.
                  | (rElec) [potion of mutation]
 72950 | Zot:5    | Lost mutation: One of your tentacles bears a spike. [potion
                  | of mutation]
 72950 | Zot:5    | Gained mutation: You occasionally lose the ability to read
                  | scrolls when taking damage. [potion of mutation]
 72950 | Zot:5    | Gained mutation: You have hidden genetic potential. [potion
                  | of mutation]
 72951 | Zot:5    | Lost mutation: You have hidden genetic potential. [potion
                  | of mutation]
 72951 | Zot:5    | Lost mutation: You are frail. (-10% HP) [potion of
                  | mutation]
 72951 | Zot:5    | Lost mutation: Your natural rate of healing is unusually
                  | fast. [potion of mutation]
 72951 | Zot:5    | Gained mutation: You have a pair of small antennae on your
                  | head. [potion of mutation]
 72951 | Zot:5    | Gained mutation: Your flesh is heat resistant. (rF+)
                  | [potion of mutation]
 72952 | Zot:5    | Lost mutation: You occasionally shout uncontrollably at
                  | your foes. [potion of mutation]
 72952 | Zot:5    | Lost mutation: You have a pair of small antennae on your
                  | head. [potion of mutation]
 72952 | Zot:5    | Lost mutation: You occasionally lose the ability to read
                  | scrolls when taking damage. [potion of mutation]
 72952 | Zot:5    | Gained mutation: Your body sometimes deteriorates upon
                  | taking damage. [potion of mutation]
 72952 | Zot:5    | Gained mutation: You occasionally lose the ability to drink
                  | potions when taking damage. [potion of mutation]
 72952 | Zot:5    | Gained mutation: You are frail. (-10% HP) [potion of
                  | mutation]
 72952 | Zot:5    | Gained mutation: You expend magic power (3 MP) to
                  | strengthen your wands. [potion of mutation]
 72953 | Zot:5    | Lost mutation: You occasionally lose the ability to drink
                  | potions when taking damage. [potion of mutation]
 72953 | Zot:5    | Lost mutation: You are frail. (-10% HP) [potion of
                  | mutation]
 72953 | Zot:5    | Lost mutation: You expend magic power (3 MP) to strengthen
                  | your wands. [potion of mutation]
 72953 | Zot:5    | Lost mutation: Your body sometimes deteriorates upon taking
                  | damage. [potion of mutation]
 72973 | Zot:5    | Got the Orb of Zot
 73120 | Zot:1    | Noticed Wucemp the pandemonium lord
 73128 | Depths:4 | Noticed Wiploid the pandemonium lord
 73161 | Depths:3 | Noticed Lok Uheump the pandemonium lord
 73320 | D:11     | Noticed Laisom the pandemonium lord
 73329 | D:10     | Noticed Vuzoeddo the pandemonium lord
 73375 | D:9      | Noticed Niplepho the pandemonium lord
 73520 | D:$      | Escaped with the Orb!

Illustrated notes

Levels and vault maps discovered:
D:1:      dreamdust_arrival_beginning_and_end, layout_basic, minmay_tetromino_i2
D:2:      layout_loops_ring, serial_shops, shop_coins
D:3:      layout_loops_ring, nicolae_overflow_crystal_walls, serial_shops,
          nicolae_shop_peninsula, nicolae_shop_stone, nicolae_shop_waterfront,
          shop, shop
D:4:      layout_basic, regret_index_temple_of_mockery, grunt_dithmenos_smoke,
          uniq_grinder
D:5:      layout_loops_ring, dk_yredelemnul_ordeal, vehumet_crystals,
          gammafunk_ghost_grave, hangedman_decor_clover_reticule
D:6:      layout_loops_ring, lemuel_zombie_altar_kikubaaqudgha,
          minmay_statues_item, nicolae_fountain_basement
D:7:      layout_basic, good_gods_mini_temple, amethyst_overflow_temple_binary,
          minmay_temple_entry_hall, enter_bailey_5,
          minmay_fractal_squares_diagonal_5
D:8:      layout_basic, lightli_orcish_oven, uniq_joseph, uniq_psyche
D:9:      layout_rooms, due_lair_maze_entry_diamond,
          chequers_serial_rivers_large_b
D:10:     nicolae_hitomezashi [nicolae_hito_row, nicolae_hito_row,
          nicolae_hito_row, nicolae_hito_row, nicolae_hito_row,
          nicolae_hito_row, nicolae_hito_row, nicolae_hito_row,
          nicolae_hito_row, nicolae_hito_row, nicolae_hito_row,
          nicolae_hito_row, nicolae_hito_row, nicolae_hito_row,
          nicolae_hito_row, nicolae_hito_row, nicolae_hito_row,
          nicolae_hito_row], layout_layer_cave, mainiacjoe_overflow_alcove_4,
          kennysheep_little_box, mainiacjoe_overflow_brackets,
          lemuel_round_altar, minmay_ruined_shrine
D:11:     layout_long_grid, ebering_ghost_inner_flame, nicolae_fort_ynox,
          uniq_sonja
D:12:     layout_rooms, orc_0_dummy, drop_trap, uniq_azrael
D:13:     gammafunk_cloud_chamber, layout_rooms,
          hangedman_vaults_entry_quadrant_bands, biasface_ghost_orc_armoury,
          serial_shops, shop, uniq_josephine
D:14:     layout_loops_ring, gammafunk_ghost_hive, nicolae_figureground_pulse
D:15:     grunt_enter_depths_hoard, layout_basic, wad_floor_pattern_untrapped,
          serial_demonic, serial_demonic_c, serial_demonic_f, serial_demonic_e,
          serial_demonic_c, nicolae_shop_i_like_small_books_too
Lair:1:   layout_cave_pods, portal_ice_cave_entry_pillars_2,
          infiniplex_staircase_pool, grunt_megastairs_1
Lair:2:   beargit_carnivore_pack, layout_cave_pods, shoals_dummy_entry,
          grunt_megastairs_5
Lair:3:   layout_regular_city, spider_nest_entry_a
Lair:4:   layout_cave_pods
Lair:5:   cheibrodos_lair_end_hotspot, layout_regular_city,
          nicolae_slime_entry_slimehenge, st_stairs_6, kilobyte_rumbling_trees
Shoals:1: layout_shoals
Shoals:2: layout_shoals, uniq_roxanne
Shoals:3: layout_shoals, nicolae_shoals_arrival_archipelago
Shoals:4: shoals_end_hellmonk_lost_city, uniq_donald
Spider:1: layout_spider_delve, hangedman_spider_tarantella_strand
Spider:2: layout_chambers, uniq_mlioglotl
Spider:3: nicolae_spider_mines_3, uniq_arachne
Spider:4: spider_rune_water, gammafunk_ghost_cemetery
Orc:1:    layout_caves, mines2_david, uniq_harold
Orc:2:    st_orc_town, layout_caves, gauntlet_entry_generic, mines2_david
Elf:1:    eino_elf_arrival_altar, layout_gridlike,
          hangedman_elven_crosses_minicolossus, minivault_16
Elf:2:    elven_hall_of_blades_hangedman_original
          [nicolae_blade_entry_sentries_behind_glass], layout_loops_corners,
          serial_shops, nicolae_shop_mannequins, nicolae_elf_stone_circles,
          lemuel_flamethrower_2, minmay_shop_grove
Elf:3:    elf_hall, layout_geoelf_octagon, serial_shops, statue_bzr,
          hellmonk_ghost_happy_afterlife, drop_trap, minivault_13
Vaults:1: nicolae_vaults_storage_closets_3, nicolae_vaults_frosty_reception,
          nicolae_vaults_closet_pinwheel_2, v_misc_16,
          nicolae_vaults_three_branches, grunt_vaults_funnel,
          nicolae_vaults_diamond_1, vaults_dpeg_hooks, vaults_dpeg_ring,
          layout_vaults_chaotic_city, serial_shops,
          nicolae_shop_tiny_statue_garden
Vaults:2: v_misc_32, nicolae_vaults_trapezoid_lopsided_2, nicolae_vaults_two_Ls,
          nicolae_vaults_house_1, hangedman_vaults_corner,
          hangedman_vaults_variations, ontoclasm_vaults_ligature,
          nicolae_vaults_double_plus_1, nicolae_vaults_diamond_2,
          layout_vaults_quadrants
Vaults:3: st_quartered_hall, nicolae_vaults_diamond_1, v_misc_22,
          minmay_crypt_entry_necro_gods, nicolae_vaults_asterisk,
          nicolae_vaults_storage_room_water, nicolae_vaults_apartment_2,
          nicolae_vaults_shrinking_rooms_1, ontoclasm_vaults_gateway,
          vaults_dpeg_doors, nicolae_vaults_double_plus_1,
          nicolae_vaults_yaktaur_gun_rack, ontoclasm_vaults_chip,
          layout_vaults_ring, serial_shops, shop
Vaults:4: v_misc_5, nicolae_vaults_enemy_cabinets, nicolae_vaults_little_ls,
          vaults_room_boxed, vaults_room_door_ring,
          nicolae_vaults_sesquioval_fish, vaults_mumra_hex,
          nicolae_vaults_more_shelving_2, v_misc_30, layout_vaults_omnibox,
          serial_shops, nicolae_shop_tiny_glass
Crypt:1:  layout_chaotic_city
Crypt:2:  layout_chaotic_city, nicolae_crypt_lurching_hallway,
          grunt_megastairs_2
Crypt:3:  due_elkab, layout_chaotic_city, uniq_margery, uniq_josephina
Depths:1: layout_roguey, nicolae_sextant, grunt_hell_entry_dis_mu,
          columned_hall_lemuel, slow_altar_1, uniq_nikola
Depths:2: minmay_bloctagon, layout_basic, elyvilon_altar_1, abyss_entry,
          rand_demon_pan_entry_9, hell_entry, infiniplex_staircase_star
Depths:3: kennysheep_scales, layout_cave_pools, enter_ziggurat_b, hell_entry,
          serial_shops, shop, abyss_entry, nicolae_elevator_lobby_plus,
          grunt_decor_junction, minmay_staircase_statues_hall_small,
          uniq_parghit
Depths:4: grunt_zot_entry_alcove, layout_cave_pools, lightli_too_deep,
          okawaru_gym_becter, serial_shops, bzr_in_the_mist,
          hangedman_decor_push, nicolae_hepliaklqana_hazy_memory
Zot:1:    layout_twisted_circle
Zot:2:    layout_cathedral_of_symmetry
Zot:3:    layout_concentric_octagons, regret_index_zotdec_silver_v_v_loose,
          zot_minivault_7, uniq_vv
Zot:4:    ebering_greatest_show_in_zot, layout_twisted_circle
Zot:5:    layout_onion

Skill      XL: |  1  2  3  4  5  6  7  8  9 10 11 12 13 14 15 16 17 18 19 20 21 22 23 24 25 26 27 |
---------------+----------------------------------------------------------------------------------+-----
Fighting       | 1 2 3 4 5 6 7 8 10 13 14 15 17 19 20 21 22 | 22.0
Dodging        | 1 2 3 4 5 7 8 10 14 15 16 17 18 19 20 | 20.8
Maces & Flails | 6 8 9 11 12 13 14 16 17 20 | 20.9
Evocations     | 2 3 4 5 7 9 11 12 13 | 13.1
Shields        | 3 8 9 11 12 13 14 15 | 15.0
Ice Magic      | 7 |  7.0
Spellcasting   | 3 4 6 |  6.0
Summonings     | 3 4 |  4.0
Invocations    | 5 6 8 10 11 12 13 | 13.2
Translocations | 7 10 12 | 12.0
Shapeshifting  | 3 11 15 16 17 | 17.9
Stealth        | 8 9 |  9.0
Air Magic      | 2 6 |  6.0

Action                     |  1- 3 |  4- 6 |  7- 9 | 10-12 | 13-15 | 16-18 | 19-21 | 22-24 | 25-27 || total
---------------------------+-------+-------+-------+-------+-------+-------+-------+-------+-------++-------
  Melee: Mace              |    47 |       |       |       |       |       |       |       |       ||    47
         Constrict         |    20 |    21 |    51 |    52 |    86 |   221 |   172 |   163 |    78 ||   864
         Tentacles         |     9 |    14 |    53 |    77 |   223 |   332 |   384 |   468 |   224 ||  1784
         Whip              |    26 |    70 |   181 |       |       |       |       |       |       ||   277
         Eveningstar       |       |       |    12 |   275 |   677 |   999 |   978 |   347 |       ||  3288
         Maw               |       |       |       |       |       |       |    83 |       |       ||    83
         Morningstar       |       |       |       |       |       |       |       |   724 |   519 ||  1243
  Throw: Boomerang         |       |     4 |       |       |       |       |       |       |       ||     4
         Throwing net      |       |     1 |       |       |       |     2 |       |       |     1 ||     4
         Dart              |       |       |       |       |     3 |     2 |       |       |       ||     5
   Cast: Ozocubu's Armour  |       |       |       |       |    18 |     9 |       |       |       ||    27
         Frozen Ramparts   |       |       |       |       |     7 |     3 |       |       |       ||    10
         Summon Ice Beast  |       |       |       |       |     2 |     3 |       |       |       ||     5
         Lesser Beckoning  |       |       |       |       |       |     2 |       |       |       ||     2
         Blink             |       |       |       |       |       |       |       |     1 |       ||     1
         Vhi's Electric Ch |       |       |       |       |       |       |       |     1 |    24 ||    25
 Invoke: Recall Ancestor   |       |       |     7 |    18 |    17 |    19 |    13 |     8 |    13 ||    95
         Ancestor Life: Ba |       |       |     1 |       |       |       |       |       |       ||     1
         Transference      |       |       |       |     1 |       |       |       |       |       ||     1
         Idealise          |       |       |       |       |     6 |     8 |     5 |    14 |    10 ||    43
  Evoke: Wand              |       |       |     8 |    20 |    15 |    21 |    20 |     4 |    19 ||   107
         Phantom mirror    |       |       |       |       |       |     1 |       |     1 |     2 ||     4
         Phial of floods   |       |       |       |       |       |     1 |       |       |       ||     1
         Sack of spiders   |       |       |       |       |       |       |       |     1 |     2 ||     3
    Use: Scroll            |     1 |     3 |     7 |    11 |    10 |     9 |    13 |    13 |    11 ||    78
         Potion            |     1 |     3 |     2 |     2 |       |     9 |       |     5 |    16 ||    38
   Stab: Sleeping          |     9 |     7 |    11 |     2 |     3 |    11 |    11 |     6 |     1 ||    61
         Distracted        |       |     2 |       |     5 |    19 |    21 |    36 |    45 |    22 ||   150
         Invisible         |       |       |     2 |     1 |     1 |       |     2 |       |       ||     6
         Held in net/web   |       |       |       |       |       |     2 |       |     3 |     1 ||     6
         Confused          |       |       |       |       |       |       |       |     7 |    12 ||    19
         Petrifying        |       |       |       |       |       |       |       |     3 |     2 ||     5
         Paralysed         |       |       |       |       |       |       |       |     1 |     3 ||     4
         Petrified         |       |       |       |       |       |       |       |     2 |       ||     2
 Armour: Skin              |    36 |    25 |    76 |    96 |   214 |   197 |   260 |   454 |   228 ||  1586
  Dodge: Dodged            |    45 |    35 |   117 |   129 |   252 |   605 |  1012 |  1989 |   782 ||  4966
  Block: Kite shield       |       |       |       |   157 |   548 |   882 |  1272 |  1682 |   625 ||  5166
   Form: Maw               |       |       |       |       |       |       |     1 |       |       ||     1
         Statue            |       |       |       |       |       |       |     1 |       |       ||     1

Table legend: (Time is in decaauts)
 A = Elapsed time spent in this place.
 B = Non-inter-level travel time spent in this place.
 C = Inter-level travel time spent in this place.
 D = Time resting spent in this place.
 E = Time spent auto-exploring this place.
 F = Levels seen in this place.
 G = Mean time per level.
                   A        B        C        D        E       F      G
               +--------+--------+--------+--------+--------+-----+--------+
         Total |  84485 |  73639 |  10846 |  23949 |  33066 |  55 | 1536.1 |
       Dungeon |  23637 |  19815 |   3822 |   7475 |   8326 |  15 | 1575.8 |
          Lair |   8719 |   7424 |   1295 |   1699 |   4684 |   5 | 1743.8 |
        Shoals |   3698 |   3414 |    284 |    756 |   1791 |   4 |  924.5 |
   Spider Nest |   5404 |   4629 |    775 |    652 |   3146 |   4 | 1351.0 |
  Orcish Mines |   1994 |   1457 |    537 |     68 |    862 |   2 |  997.0 |
   Elven Halls |   8796 |   7181 |   1615 |   3571 |   2089 |   3 | 2932.0 |
        Vaults |   7487 |   6470 |   1017 |    503 |   4764 |   4 | 1871.8 |
         Crypt |   3839 |   3625 |    214 |    163 |   2463 |   3 | 1279.7 |
        Depths |   5842 |   5115 |    727 |    452 |   3187 |   4 | 1460.5 |
           Zot |  10162 |   9607 |    555 |   5632 |   1369 |   5 | 2032.4 |
         Abyss |    439 |    439 |      0 |    148 |      0 |   1 |  439.0 |
        Bazaar |    211 |    211 |      0 |      0 |    131 |   2 |  105.5 |
        Bailey |     11 |     11 |      0 |      0 |      0 |   1 |   11.0 |
      Ice Cave |   3522 |   3522 |      0 |   2656 |      0 |   1 | 3522.0 |
      Gauntlet |    717 |    717 |      0 |    170 |    252 |   1 |  717.0 |
               +--------+--------+--------+--------+--------+-----+--------+

Top non-repeatable levels by time:
   Zot:5: 4960 daAuts
    D:13: 3937 daAuts
   Elf:3: 3679 daAuts
   IceCv: 3522 daAuts
    D:10: 2830 daAuts
   Elf:1: 2644 daAuts
   Elf:2: 2472 daAuts
    D:15: 2284 daAuts
    D:11: 2266 daAuts
  Lair:1: 2198 daAuts
Vaults:3: 2147 daAuts
  Lair:5: 2120 daAuts
Spider:4: 2073 daAuts
Vaults:1: 2027 daAuts
  Lair:2: 1937 daAuts
